[Event "Titled Tuesday Blitz February 28 Late 2023"]
[White "Pissama Ntsaou, Martial"]
[Black "Liu, Casper"]
[WhiteFideId "17400864"]
[BlackFideId "1454153"]
[WhiteElo "2065"]
[BlackElo "2221"]
[Result "0-1"]
[Round "04"]
[TimeControl "180+2"]
[Date "2023.02.28"]
[WhiteClock "0:01:39"]
[BlackClock "0:02:22"]

1. e4 c6 2. d4 d5 3. e5 Bf5 4. Nd2 Nh6 5. Nb3 e6 6. Nf3 Bg4 7. Be2 Nd7 8. O-O Nf5 9. h3 h5 10. Bg5 f6 11. exf6 gxf6 12. Bh4 Bxf3 13. Bxf3 Nxh4 14. Bxh5+ Ke7 15. Re1 Kd6 16. Qg4 f5 17. Qg3+ Ke7 18. Qg5+ Nf6 19. Rxe6+ Kxe6 20. Re1+ Ne4 21. Nc5+ Bxc5 0-1


[Site "https://www.chess.com"]

[Event "Titled Tuesday Blitz February 28 Late 2023"]
[White "Melikhov, Evgeny V."]
[Black "Torres Dominguez, David"]
[WhiteFideId "4122046"]
[BlackFideId "2220857"]
[WhiteElo "2158"]
[BlackElo "1999"]
[Result "0-1"]
[Round "04"]
[TimeControl "180+2"]
[Date "2023.02.28"]
[WhiteClock "0:00:02"]
[BlackClock "0:00:58"]

1. d4 e5 2. dxe5 d6 3. exd6 Bxd6 4. Nf3 Bg4 5. e3 Nc6 6. Be2 Qe7 7. Nbd2 O-O-O 8. c3 Nf6 9. Qc2 Ne5 10. h3 Nxf3+ 11. Nxf3 Bh5 12. Nd4 Bg6 13. Bd3 Bxd3 14. Qxd3 Ne4 15. Qe2 Rhe8 16. Nf5 Qf6 17. Nxd6+ Rxd6 18. O-O Qe5 19. Qf3 f5 20. Qf4 Qe6 21. Qh4 g5 22. Qh5 g4 23. b3 gxh3 24. Qxh3 Rg8 25. Ba3 Ng5 26. Qg3 Rdd8 27. Rad1 Rde8 28. f4 Ne4 29. Qh3 Rg6 30. Rf3 Reg8 31. Kh1 Rh6 32. Bb4 Rxh3+ 33. Rxh3 Nf2+ 0-1


[Site "https://www.chess.com"]

[Event "Titled Tuesday Blitz February 28 Late 2023"]
[White "Manu_ChessExcelsior"]
[Black "Prieto Aranguren, Alain"]
[BlackFideId "2268906"]
[WhiteElo "1964"]
[BlackElo "2209"]
[Result "1-0"]
[Round "04"]
[TimeControl "180+2"]
[Date "2023.02.28"]
[WhiteClock "0:00:05"]
[BlackClock "0:00:01"]

1. e4 c6 2. d3 d5 3. Nd2 g6 4. Ngf3 Bg7 5. Be2 e5 6. O-O Ne7 7. Re1 d4 8. a4 O-O 9. a5 c5 10. Nc4 Nbc6 11. b3 h6 12. Bd2 Be6 13. Qc1 Kh7 14. h3 Qc7 15. Nh2 h5 16. Nf3 f6 17. Nh4 b5 18. axb6 axb6 19. Na3 Nb4 20. Qb2 g5 21. Nf5 Bxf5 22. exf5 h4 23. Bg4 Ned5 24. Bf3 Rad8 25. Be4 Rf7 26. Bc1 Bf8 27. Nc4 b5 28. Nd2 Nc3 29. Nf3 Be7 30. Bd2 Nxe4 31. Rxe4 Rff8 32. Qc1 Ra8 33. Rxa8 Rxa8 34. Bxg5 fxg5 35. Nxg5+ Kg8 36. Ne6 Qa7 37. Qh6 Bf8 38. Rg4+ Kf7 39. Qg6+ Ke7 40. Qh7+ Kd6 41. Qg6 Kd5 42. Rxh4 Nxc2 43. Ng5 Qa6 44. Qf7+ Kd6 45. Ne4+ Kc6 46. Rg4 Rd8 47. Rg6+ Bd6 48. Rxd6+ Rxd6 49. Qe8+ Kb6 50. Nxd6 Ka5 51. Qd8+ Kb4 52. Nb7 Qxb7 53. Qd6 Qa7 54. Qxe5 Kxb3 55. Kh2 Kc3 56. f6 b4 57. f7 Qxf7 58. Qxc5+ Kxd3 59. Qf5+ 1-0


[Site "https://www.chess.com"]

[Event "Titled Tuesday Blitz February 28 Late 2023"]
[White "Skaric, Djuro"]
[Black "Govender, Kaedan"]
[WhiteFideId "934569"]
[BlackFideId "14322072"]
[WhiteElo "2282"]
[BlackElo "1950"]
[Result "1/2-1/2"]
[Round "04"]
[TimeControl "180+2"]
[Date "2023.02.28"]
[WhiteClock "0:00:51"]
[BlackClock "0:00:18"]

1. g3 Nf6 2. Bg2 g6 3. e4 d6 4. Nc3 Bg7 5. d4 Nbd7 6. Nge2 O-O 7. O-O c5 8. h3 cxd4 9. Nxd4 a6 10. Kh2 Qc7 11. f4 Rb8 12. a4 b6 13. Nde2 Bb7 14. Be3 Nc5 15. e5 dxe5 16. fxe5 Bxg2 17. exf6 Bxf1 18. fxg7 Kxg7 19. Qxf1 f6 20. Qf3 Rbd8 21. Re1 e5 22. Nd5 Qc6 23. Bxc5 Qxc5 24. c4 Qxc4 25. Nec3 Qb3 26. Qe2 Rxd5 27. Nxd5 Qxd5 28. Rd1 Qb3 29. Rd6 Qxa4 30. Rxb6 a5 31. b3 Qd4 32. h4 Rf7 33. Rb5 Qc3 34. h5 Rc7 35. Kh3 Qa1 36. Qf3 Qc1 37. Rb6 Qg5 38. Rb7 Rxb7 39. Qxb7+ Kh6 40. Qf7 Qxh5+ 41. Kg2 Qe2+ 42. Kh3 Qh5+ 43. Kg2 Qe2+ 44. Kh3 Qf1+ 45. Kh2 Qf2+ 46. Kh3 Qf5+ 47. Kg2 Qe4+ 48. Kh2 Qe2+ 49. Kh3 1/2-1/2


[Site "https://www.chess.com"]

[Event "Titled Tuesday Blitz February 28 Late 2023"]
[White "Jenkins, Drake"]
[Black "Vargas, Mauricio"]
[WhiteFideId "2022397"]
[BlackFideId "4404572"]
[WhiteElo "2301"]
[BlackElo "2025"]
[Result "1-0"]
[Round "04"]
[TimeControl "180+2"]
[Date "2023.02.28"]
[WhiteClock "0:01:47"]
[BlackClock "0:00:19"]

1. Nf3 c5 2. c4 Nc6 3. d4 cxd4 4. Nxd4 g6 5. Nc3 Bg7 6. Nc2 d6 7. Bd2 h6 8. g3 Nf6 9. Bg2 O-O 10. O-O Bg4 11. h3 Be6 12. b3 Qd7 13. Kh2 a6 14. Rc1 Rac8 15. Ne3 Nh7 16. Ned5 Rcd8 17. Nf4 g5 18. Nxe6 Qxe6 19. Nd5 g4 20. h4 Nf6 21. Nf4 Qd7 22. Bc3 b5 23. cxb5 axb5 24. Bxc6 Qxc6 25. Bxf6 Qe4 26. Bxg7 Kxg7 27. Qd5 1-0


[Site "https://www.chess.com"]

[Event "Titled Tuesday Blitz February 28 Late 2023"]
[White "Romero Ruscalleda, Josep"]
[Black "Burke, Paul"]
[WhiteFideId "2231859"]
[BlackFideId "2605767"]
[WhiteElo "2183"]
[BlackElo "1893"]
[Result "1-0"]
[Round "04"]
[TimeControl "180+2"]
[Date "2023.02.28"]
[WhiteClock "0:00:18"]
[BlackClock "0:00:05"]

1. e4 e5 2. Nf3 Nc6 3. Bc4 Be7 4. d4 exd4 5. Nxd4 d6 6. O-O Nf6 7. Nc3 O-O 8. h3 Ne5 9. Be2 c5 10. Nb3 a6 11. f4 Nc6 12. Bf3 Be6 13. Nd5 Bxd5 14. exd5 Nb8 15. a4 Nbd7 16. Nd2 b5 17. Re1 Re8 18. b3 Bf8 19. Bb2 Nb6 20. Rxe8 Qxe8 21. axb5 axb5 22. Rxa8 Qxa8 23. Bxf6 gxf6 24. Qe2 Qb7 25. Qxb5 Qa7 26. Ne4 Qa1+ 27. Kh2 Nxd5 28. Qe8 Nxf4 29. Nxd6 Ng6 30. Qxf7+ Kh8 31. Nc4 Bh6 32. Qe8+ Kg7 33. Qd7+ Kh8 34. Bd5 Bf4+ 35. g3 Bxg3+ 36. Kxg3 Qg1+ 37. Bg2 Qe1+ 38. Kh2 1-0


[Site "https://www.chess.com"]

[Event "Titled Tuesday Blitz February 28 Late 2023"]
[White "tandercat"]
[Black "Awoki, Daniel Teidi"]
[BlackFideId "2100827"]
[WhiteElo "1875"]
[BlackElo "2083"]
[Result "0-1"]
[Round "04"]
[TimeControl "180+2"]
[Date "2023.02.28"]
[WhiteClock "0:00:10"]
[BlackClock "0:01:00"]

1. d4 Nf6 2. c4 e6 3. Nc3 d5 4. cxd5 exd5 5. Bg5 Nbd7 6. e3 Be7 7. Bd3 c6 8. Qc2 O-O 9. Nge2 Re8 10. O-O Nf8 11. f3 h6 12. Bh4 Ne6 13. Rad1 a6 14. a3 c5 15. Qc1 cxd4 16. Nxd4 Nxd4 17. exd4 Be6 18. Bb1 Nd7 19. Qc2 Nf8 20. Bxe7 Qxe7 21. Rfe1 Qd6 22. Na4 Rac8 23. Qb3 b5 24. Nc3 Rc4 25. Bd3 Rcc8 26. Qc2 Qb6 27. Qf2 Red8 28. h3 g6 29. Ne2 Kg7 30. Nf4 Rc7 31. Bb1 Rcd7 32. Nd3 Rc7 33. Qe3 Bf5 34. Ne5 Bxb1 35. Rxb1 Ne6 36. f4 Qxd4 37. Qxd4 Nxd4 38. Rbd1 Ne6 39. f5 gxf5 40. Nd3 Rc2 41. Nf4 Nxf4 0-1


[Site "https://www.chess.com"]

[Event "Titled Tuesday Blitz February 28 Late 2023"]
[White "Sarana, Alexey"]
[Black "Nakamura, Hikaru"]
[WhiteFideId "24133795"]
[BlackFideId "2016192"]
[WhiteElo "2717"]
[BlackElo "2879"]
[Result "0-1"]
[Round "05"]
[TimeControl "180+2"]
[Date "2023.02.28"]
[WhiteClock "0:00:01"]
[BlackClock "0:00:37"]

1. c4 Nf6 2. Nc3 e5 3. Nf3 Nc6 4. e3 Bb4 5. Nd5 a5 6. a3 Bc5 7. d4 Bd6 8. Nc3 O-O 9. Be2 Re8 10. O-O Bf8 11. dxe5 Ng4 12. b3 Ngxe5 13. Bb2 d6 14. Nxe5 Nxe5 15. Qd2 Bd7 16. f4 Ng6 17. Bf3 Nh4 18. Bxb7 Rb8 19. Be4 Nf5 20. Bxf5 Bxf5 21. e4 Bxe4 22. Nxe4 Rxe4 23. Rf3 a4 24. Qd3 Qe8 25. b4 Qc6 26. Rc1 Rbe8 27. h3 Re2 28. Bd4 R8e4 29. b5 Qe8 30. Bf2 Rb2 31. c5 dxc5 32. Kh2 Ree2 33. Rf1 Qxb5 34. Qd5 Red2 35. Qa8 Qxf1 0-1


[Site "https://www.chess.com"]

[Event "Titled Tuesday Blitz February 28 Late 2023"]
[White "Carlsen, Magnus"]
[Black "Abdrlauf, Elham"]
[WhiteFideId "1503014"]
[BlackFideId "1533533"]
[WhiteElo "2852"]
[BlackElo "2476"]
[Result "1-0"]
[Round "05"]
[TimeControl "180+2"]
[Date "2023.02.28"]
[WhiteClock "0:00:51"]
[BlackClock "0:00:01"]

1. e4 c6 2. d4 d5 3. exd5 cxd5 4. Bd3 Nf6 5. h3 g6 6. Nf3 Bg7 7. O-O O-O 8. Re1 Nc6 9. c3 Bf5 10. Bf1 Rc8 11. Nbd2 Ne4 12. Nb3 Nd6 13. Bf4 Re8 14. Nc5 b6 15. Nd3 Bxd3 16. Bxd3 e6 17. h4 Nc4 18. Qe2 Qd7 19. Bxc4 dxc4 20. h5 Qd5 21. h6 Bh8 22. Ne5 Bxe5 23. dxe5 Qd3 24. Qg4 Qf5 25. Qh4 Red8 26. Rad1 Rd3 27. Rxd3 cxd3 28. Rd1 Rd8 29. Bg3 d2 30. Qf6 Qxf6 31. exf6 Rd5 32. Bf4 g5 33. Be3 Ne5 34. Rxd2 Rxd2 35. Bxd2 Nc4 36. Bc1 g4 37. Kh2 Ne5 38. b3 Nd7 39. Bg5 Nc5 40. Kg3 Ne4+ 41. Kxg4 Nxc3 42. a4 b5 43. a5 a6 44. Kf3 Kf8 45. Ke3 Nd5+ 46. Kd4 Ke8 47. Kc5 Kd7 48. g3 Kc7 49. Bf4+ Kd7 50. Be5 b4 51. g4 Nc3 52. Kxb4 Ne4 53. f3 Nd2 54. Kc5 Nxb3+ 55. Kb6 Nd2 56. f4 Nc4+ 57. Kxa6 Kc6 58. g5 Ne3 59. g6 1-0


[Site "https://www.chess.com"]

[Event "Titled Tuesday Blitz February 28 Late 2023"]
[White "Firouzja, Alireza"]
[Black "Rustemov, Alexander"]
[WhiteFideId "12573981"]
[BlackFideId "4119002"]
[WhiteElo "2904"]
[BlackElo "2918"]
[Result "1-0"]
[Round "05"]
[TimeControl "180+2"]
[Date "2023.02.28"]
[WhiteClock "0:00:42"]
[BlackClock "0:00:27"]

1. d4 d5 2. c4 c6 3. Nf3 Nf6 4. e3 a6 5. Bd3 Bg4 6. h3 Bh5 7. Qb3 Qc7 8. Ne5 e6 9. Nc3 Nbd7 10. g4 Bg6 11. Nxg6 hxg6 12. g5 dxc4 13. Bxc4 Nd5 14. e4 N5b6 15. Be2 c5 16. d5 exd5 17. Nxd5 Nxd5 18. Qxd5 Nb6 19. Qb3 Bd6 20. Be3 O-O 21. h4 Qc6 22. h5 Qxe4 23. Rh3 Nd5 24. Bf3 Qb4+ 25. Qxb4 Nxb4 26. O-O-O Rfd8 27. a3 Nc6 28. hxg6 fxg6 29. Bd5+ Kf8 30. Bxc6 bxc6 31. Rxd6 Rxd6 32. Rh8+ 1-0


[Site "https://www.chess.com"]

[Event "Titled Tuesday Blitz February 28 Late 2023"]
[White "Martinez Alcantara, Jose Eduardo"]
[Black "Indjic, Aleksandar"]
[WhiteFideId "3805662"]
[BlackFideId "911925"]
[WhiteElo "2712"]
[BlackElo "2625"]
[Result "1-0"]
[Round "05"]
[TimeControl "180+2"]
[Date "2023.02.28"]
[WhiteClock "0:00:53"]
[BlackClock "0:00:17"]

1. e4 e5 2. Nf3 Nc6 3. Nc3 Nf6 4. h3 d5 5. exd5 Nxd5 6. Bb5 Nxc3 7. bxc3 Bd6 8. O-O O-O 9. d4 exd4 10. cxd4 Qf6 11. c4 h6 12. Bb2 a6 13. Ba4 Rb8 14. Re1 b5 15. cxb5 axb5 16. Bc2 Nb4 17. Bb3 Qg6 18. Re3 Bb7 19. d5 Rbd8 20. Ne5 Bxe5 21. Bxe5 Qb6 22. Qg4 g6 23. Qxb4 Bc6 24. dxc6 Qxe3 25. fxe3 Rd1+ 26. Rxd1 1-0


[Site "https://www.chess.com"]

[Event "Titled Tuesday Blitz February 28 Late 2023"]
[White "Bluebaum, Matthias"]
[Black "Dardha, Daniel"]
[WhiteFideId "24651516"]
[BlackFideId "240990"]
[WhiteElo "2638"]
[BlackElo "2581"]
[Result "1-0"]
[Round "05"]
[TimeControl "180+2"]
[Date "2023.02.28"]
[WhiteClock "0:00:11"]
[BlackClock "0:00:01"]

1. d4 Nf6 2. c4 d6 3. Nf3 g6 4. Nc3 Bf5 5. d5 Bg7 6. Nd4 Bd7 7. e4 O-O 8. Be2 e6 9. O-O exd5 10. exd5 Re8 11. Bf3 Na6 12. Be3 Nc5 13. Qc2 Rxe3 14. fxe3 Qe7 15. Rae1 a5 16. Kh1 h5 17. Nb3 b6 18. Nxc5 bxc5 19. Qf2 Nh7 20. Bd1 Be5 21. Ne4 h4 22. b3 Re8 23. Nd2 h3 24. Nf3 hxg2+ 25. Qxg2 Bg7 26. e4 Nf6 27. e5 dxe5 28. Rxe5 Qd6 29. Qg3 Qb6 30. Rxe8+ Nxe8 31. Bc2 Qf6 32. Re1 Nd6 33. Ne5 Bc8 34. Bd3 Nf5 35. Qf2 Qg5 36. Nc6 Bd7 37. Bxf5 gxf5 38. Rg1 Qf6 39. Qg3 f4 40. Qg5 Kf8 41. Qxf6 Bxf6 42. Rf1 Bg5 43. Ne5 Bf5 44. Nf3 Bf6 45. Kg2 Ke7 46. Re1+ Kd6 47. h4 a4 48. Ng5 axb3 49. axb3 Bc2 50. Ne4+ Ke5 51. Nxf6+ Kxf6 52. Kf3 Bxb3 53. Re4 Kg6 54. Rxf4 f5 55. Kg3 Kf6 56. Kf3 Ke5 57. Ke3 Bd1 58. Rf1 Bb3 59. Kd3 f4 60. h5 Ba4 61. h6 Bd7 62. Kc3 Bf5 63. Rh1 Bh7 64. Rg1 f3 65. Kd2 Kd4 66. Rg7 Bd3 67. Rg4+ Be4 68. Rxe4+ Kxe4 69. h7 f2 70. Ke2 1-0


[Site "https://www.chess.com"]

[Event "Titled Tuesday Blitz February 28 Late 2023"]
[White "Perez Ponsa, Federico"]
[Black "Bortnyk, Olexandr"]
[WhiteFideId "117927"]
[BlackFideId "14120828"]
[WhiteElo "2592"]
[BlackElo "2734"]
[Result "0-1"]
[Round "05"]
[TimeControl "180+2"]
[Date "2023.02.28"]
[WhiteClock "0:00:11"]
[BlackClock "0:00:12"]

1. e4 d6 2. d4 Nf6 3. Nc3 e5 4. Nf3 Nbd7 5. Rg1 c6 6. g4 exd4 7. Nxd4 h6 8. h4 Ne5 9. g5 hxg5 10. hxg5 Nfg4 11. Be2 Qb6 12. f3 Nh2 13. Be3 Qxb2 14. Kd2 d5 15. Rb1 Qa3 16. Rb3 Qa5 17. exd5 Bc5 18. Kc1 Bd7 19. f4 Rh3 20. Ne4 Ba3+ 21. Kb1 Neg4 22. Bd2 Rxb3+ 23. Nxb3 Qxd5 24. Nc3 Qd6 25. Ne4 Qe7 26. Bd3 O-O-O 27. Bc3 Bf5 28. Qe2 Kb8 29. Bxg7 Ka8 30. Re1 a6 31. Bc3 Qc7 32. Nf6 Bxd3 33. cxd3 Qxf4 34. Nxg4 Nxg4 35. Rf1 Qxg5 36. Rg1 f5 37. Ba5 Rf8 38. Bd2 Qf6 39. Bf4 Rd8 40. Qc2 Qe7 41. d4 Qb4 42. Qxf5 Nf2 43. Qc2 Nh3 44. Rf1 Nxf4 45. Rxf4 Qe1+ 46. Nc1 Rd5 47. Rf3 Bxc1 48. Qxc1 Qxc1+ 49. Kxc1 Rxd4 50. Rf8+ Ka7 51. Rf3 a5 52. Kb2 b5 53. a3 a4 54. Rf8 Kb6 55. Rb8+ Kc5 56. Rf8 Kc4 57. Rf2 c5 58. Rc2+ Kd5 59. Rh2 b4 60. Rh5+ Kc4 61. Rh2 Rd3 62. Rh4+ Kb5 63. axb4 cxb4 64. Rh5+ Kc4 65. Rh4+ Rd4 66. Rh2 a3+ 67. Ka2 Kc3 68. Rh3+ Rd3 69. Rh8 Rd2+ 70. Ka1 Rd1+ 71. Ka2 b3+ 0-1


[Site "https://www.chess.com"]

[Event "Titled Tuesday Blitz February 28 Late 2023"]
[White "Svane, Rasmus"]
[Black "Salimova, Nurgyul"]
[WhiteFideId "4657101"]
[BlackFideId "2915138"]
[WhiteElo "2597"]
[BlackElo "2314"]
[Result "1-0"]
[Round "05"]
[TimeControl "180+2"]
[Date "2023.02.28"]
[WhiteClock "0:00:22"]
[BlackClock "0:00:03"]

1. Nf3 Nf6 2. g3 d5 3. Bg2 g6 4. O-O Bg7 5. c4 c6 6. Qb3 O-O 7. d4 a5 8. Rd1 dxc4 9. Qxc4 Be6 10. Qc3 Bd5 11. Qe1 Ne4 12. Nc3 Nxc3 13. bxc3 Be4 14. Bh3 Bxf3 15. exf3 e6 16. a4 Nd7 17. Rb1 Nb6 18. Qd2 Rb8 19. Qc2 Nd5 20. Bd2 b5 21. Bf1 Qd7 22. c4 bxc4 23. Rxb8 Rxb8 24. Bxa5 Qa7 25. Be1 Bxd4 26. Qxc4 c5 27. Bd3 Nb4 28. Bc2 Nxc2 29. Qxc2 Rb2 30. Qc4 Qb7 31. Kg2 Qb3 32. Rxd4 cxd4 33. Qxd4 Rc2 34. a5 Qd5 35. Qb4 Qc6 36. Qb8+ Kg7 37. Bb4 Rc4 38. Qf8+ Kf6 39. Be7+ Ke5 40. Qxf7 Kd5 41. Qxh7 Kd4 42. Qxg6 Rc3 43. Bf6+ e5 44. Qf5 Rc2 45. Bxe5+ Kc4 46. Qxc2+ 1-0


[Site "https://www.chess.com"]

[Event "Titled Tuesday Blitz February 28 Late 2023"]
[White "Yu, Yangyi"]
[Black "Kravtsiv, Martyn"]
[WhiteFideId "8603820"]
[BlackFideId "14113147"]
[WhiteElo "2783"]
[BlackElo "2695"]
[Result "1-0"]
[Round "05"]
[TimeControl "180+2"]
[Date "2023.02.28"]
[WhiteClock "0:00:08"]
[BlackClock "0:00:07"]

1. Nf3 Nf6 2. c4 e6 3. Nc3 d5 4. d4 Nbd7 5. cxd5 exd5 6. Bg5 Bb4 7. e3 c5 8. Be2 Qa5 9. O-O Bxc3 10. bxc3 c4 11. Nd2 Qxc3 12. e4 Nxe4 13. Nxe4 dxe4 14. Rc1 Qa5 15. Bd2 Qb6 16. Rxc4 O-O 17. d5 Nf6 18. Bc3 Bf5 19. Bd4 Qd8 20. Qa1 Qxd5 21. Rc5 Qd7 22. Bb5 Qd6 23. Rxf5 Ng4 24. g3 Qg6 25. Rf4 f5 26. Be2 h5 27. Rc1 Rac8 28. Rxc8 Rxc8 29. Qb2 b6 30. Qb5 Rd8 31. Bc3 Nh6 32. Rh4 Ng4 33. Bxg4 hxg4 34. Qc4+ Qf7 35. Rh8+ 1-0


[Site "https://www.chess.com"]

[Event "Titled Tuesday Blitz February 28 Late 2023"]
[White "Chigaev, Maksim"]
[Black "Vachier-Lagrave, Maxime"]
[WhiteFideId "4108116"]
[BlackFideId "623539"]
[WhiteElo "2547"]
[BlackElo "2740"]
[Result "0-1"]
[Round "05"]
[TimeControl "180+2"]
[Date "2023.02.28"]
[WhiteClock "0:00:08"]
[BlackClock "0:01:25"]

1. e4 c5 2. Nf3 d6 3. d4 cxd4 4. Nxd4 Nf6 5. Nc3 a6 6. Bg5 e6 7. Qf3 Nbd7 8. O-O-O Qc7 9. Bxf6 Nxf6 10. g4 Nd7 11. g5 b5 12. a3 Bb7 13. Qe3 g6 14. h4 h5 15. f4 e5 16. Ndxb5 axb5 17. Bxb5 Be7 18. fxe5 O-O 19. Bxd7 Qxd7 20. Rhf1 Qc7 21. Nb5 Qc4 22. exd6 Qxb5 23. dxe7 Rfe8 24. Rf6 0-1


[Site "https://www.chess.com"]

[Event "Titled Tuesday Blitz February 28 Late 2023"]
[White "Swiercz, Dariusz"]
[Black "Andreikin, Dmitry"]
[WhiteFideId "1126881"]
[BlackFideId "4158814"]
[WhiteElo "2627"]
[BlackElo "2736"]
[Result "1/2-1/2"]
[Round "05"]
[TimeControl "180+2"]
[Date "2023.02.28"]
[WhiteClock "0:00:05"]
[BlackClock "0:00:07"]

1. d4 d5 2. c4 c6 3. Nf3 Nf6 4. Qb3 e6 5. g3 dxc4 6. Qxc4 b5 7. Qc2 Bb7 8. Bg2 Nbd7 9. O-O c5 10. Rd1 Rc8 11. Bf4 cxd4 12. Qd3 Qb6 13. Ne5 Bxg2 14. Kxg2 Bc5 15. Nd2 O-O 16. Ndf3 Qb7 17. Kg1 Nxe5 18. Bxe5 Ne4 19. Bxd4 Bxd4 20. Nxd4 Ng5 21. Nf3 Nxf3+ 22. exf3 h6 23. Rac1 a6 24. Kg2 Qb6 25. Rxc8 Rxc8 26. Qd6 Rc6 27. Qd8+ Qxd8 28. Rxd8+ Kh7 29. Rd2 g5 30. Kf1 Rc1+ 31. Ke2 Kg6 32. Rd1 Rc2+ 33. Rd2 Rc1 34. Rd1 Rc6 35. Rd8 Kf5 36. Kd2 e5 37. Rd7 f6 38. Rh7 Kg6 39. Ra7 h5 40. a3 h4 41. g4 Rd6+ 42. Ke2 Rb6 43. b4 Rc6 44. Kd2 Rd6+ 45. Ke2 f5 46. h3 f4 47. Ra8 Kf7 48. Ra7+ Kf6 49. Ra8 Rc6 50. Kd2 Rd6+ 51. Ke2 Kf7 52. Ra7+ Ke6 53. Rg7 Kf6 54. Ra7 Rc6 55. Kd2 Rd6+ 56. Ke2 Kg6 57. Re7 Kf6 58. Ra7 1/2-1/2


[Site "https://www.chess.com"]

[Event "Titled Tuesday Blitz February 28 Late 2023"]
[White "Caruana, Fabiano"]
[Black "Norowitz, Yaacov"]
[WhiteFideId "2020009"]
[BlackFideId "2024799"]
[WhiteElo "2818"]
[BlackElo "2401"]
[Result "1-0"]
[Round "05"]
[TimeControl "180+2"]
[Date "2023.02.28"]
[WhiteClock "0:00:09"]
[BlackClock "0:00:01"]

1. e4 c6 2. d4 d5 3. e5 Bf5 4. c4 e6 5. Nc3 Ne7 6. a3 Bg6 7. h3 dxc4 8. Bxc4 Nd5 9. Nf3 Nd7 10. O-O Be7 11. Bd3 O-O 12. Bxg6 fxg6 13. Ne4 c5 14. Nfg5 Qb6 15. dxc5 Nxc5 16. Nxc5 Bxc5 17. Qe2 Rf5 18. Nf3 Raf8 19. b4 Bd4 20. Nxd4 Qxd4 21. Qb2 Qd3 22. f3 Nc3 23. Re1 Nd5 24. Qf2 a6 25. Bd2 Rc8 26. Rac1 Rff8 27. a4 Qb3 28. a5 h6 29. Qd4 Kh7 30. Rb1 Qa4 31. Qe4 Qc2 32. Qxc2 Rxc2 33. Red1 Ra2 34. b5 axb5 35. Rxb5 Rc8 36. Rc1 Rxc1+ 37. Bxc1 Rc2 38. Ba3 Rc7 39. Rb2 g5 40. Bd6 Rc1+ 41. Kf2 Ra1 42. Rxb7 Ra2+ 43. Ke1 Rxa5 44. Bf8 Kg6 45. g4 Ra1+ 46. Kd2 Ra2+ 47. Kc1 Ra1+ 48. Kb2 1-0


[Site "https://www.chess.com"]

[Event "Titled Tuesday Blitz February 28 Late 2023"]
[White "Paravyan, David"]
[Black "Hansen, Eric"]
[WhiteFideId "4194985"]
[BlackFideId "2606771"]
[WhiteElo "2577"]
[BlackElo "2569"]
[Result "1-0"]
[Round "05"]
[TimeControl "180+2"]
[Date "2023.02.28"]
[WhiteClock "0:00:03"]
[BlackClock "0:00:01"]

1. d4 Nf6 2. c4 e6 3. Nc3 Bb4 4. Qc2 O-O 5. e4 d5 6. e5 Ne4 7. Nf3 c5 8. Bd3 cxd4 9. Nxd4 Nd7 10. Bf4 Ndc5 11. O-O Bxc3 12. bxc3 Nxd3 13. Qxd3 Bd7 14. cxd5 exd5 15. c4 Be6 16. Rad1 Rc8 17. f3 Nc5 18. Qa3 Qd7 19. Be3 b6 20. Nxe6 fxe6 21. cxd5 exd5 22. Rfe1 Ne6 23. Rd3 Rfd8 24. Red1 Qb7 25. Qb3 Rc4 26. a4 Qc6 27. Qb5 Nc7 28. Qxc6 Rxc6 29. f4 g6 30. g4 Rc4 31. h3 Rxa4 32. f5 d4 33. Bg5 Rd5 34. Bf4 Nb5 35. Rc1 Rc5 36. Re1 Rc3 37. Rd2 Rf3 38. Bh2 gxf5 39. e6 Kf8 40. e7+ Ke8 41. gxf5 Rxf5 42. Rg2 Kf7 43. e8=Q+ 1-0


[Site "https://www.chess.com"]

[Event "Titled Tuesday Blitz February 28 Late 2023"]
[White "Sjugirov, Sanan"]
[Black "Quispe Arteaga, Gabriel"]
[WhiteFideId "4189302"]
[BlackFideId "32059809"]
[WhiteElo "2569"]
[BlackElo "2274"]
[Result "1-0"]
[Round "05"]
[TimeControl "180+2"]
[Date "2023.02.28"]
[WhiteClock "0:00:05"]
[BlackClock "0:00:06"]

1. Nf3 Nf6 2. c4 e6 3. g3 a6 4. Bg2 b5 5. b3 Bb7 6. O-O Be7 7. Na3 bxc4 8. Nxc4 c5 9. d4 cxd4 10. Qxd4 O-O 11. Bf4 d5 12. Nce5 Nc6 13. Nxc6 Bxc6 14. Rac1 Rc8 15. Qa7 Ra8 16. Qe3 Rc8 17. Nd4 Bb7 18. Rxc8 Bxc8 19. Nc6 Qe8 20. Nxe7+ Qxe7 21. Rc1 Qa3 22. Qc5 Qxc5 23. Rxc5 Bd7 24. Ra5 Ra8 25. Bf1 Ne4 26. f3 Nc3 27. Bd2 d4 28. e3 Nb1 29. Bc1 Rc8 30. Bc4 d3 31. Rxa6 d2 32. Bxd2 Nxd2 33. Be2 Be8 34. Rd6 Nb1 35. Bc4 Na3 36. Bd3 Kf8 37. Ra6 Nb5 38. a4 Nc7 39. Rb6 Nd5 40. Rb7 Rc3 41. Be4 Rc1+ 42. Kf2 Nc3 43. Bd3 Rd1 44. Bc4 Rd2+ 45. Ke1 Rxh2 46. a5 Ra2 47. a6 Bc6 48. Rc7 Bxf3 49. a7 g5 50. b4 h5 51. Bxa2 h4 52. Rc8+ Kg7 53. a8=Q Bxa8 54. Rxa8 h3 55. Kf1 Nd1 56. Kg1 Nxe3 57. Kh2 g4 58. Bb1 Nf1+ 59. Kg1 Nxg3 60. Ra2 f5 61. b5 Ne4 62. b6 Nd6 63. Rd2 Nc4 64. Rd7+ Kf6 65. b7 g3 66. b8=Q Ne3 67. Qxg3 1-0


[Site "https://www.chess.com"]

[Event "Titled Tuesday Blitz February 28 Late 2023"]
[White "Berezin, Viktor"]
[Black "Kamsky, Gata"]
[WhiteFideId "14107872"]
[BlackFideId "2000024"]
[WhiteElo "2310"]
[BlackElo "2666"]
[Result "0-1"]
[Round "05"]
[TimeControl "180+2"]
[Date "2023.02.28"]
[WhiteClock "0:01:13"]
[BlackClock "0:02:03"]

1. d4 Nf6 2. Nf3 g6 3. g3 Bg7 4. Bg2 O-O 5. O-O d5 6. c4 c6 7. cxd5 cxd5 8. Nc3 e6 9. Ne5 Nfd7 10. Bf4 Nxe5 11. Bxe5 Bxe5 12. dxe5 Nc6 13. e4 d4 14. Nb5 d3 15. Rc1 Nxe5 16. Qa4 Bd7 17. Qd4 Bxb5 18. Qxe5 d2 19. Qxb5 dxc1=Q 20. Rxc1 Qb6 21. Qe5 Rac8 22. Qf4 Qxb2 23. Rxc8 Rxc8 24. h4 Qc1+ 0-1


[Site "https://www.chess.com"]

[Event "Titled Tuesday Blitz February 28 Late 2023"]
[White "Yuan, Qingyu"]
[Black "Duda, Jan-Krzysztof"]
[WhiteFideId "8609772"]
[BlackFideId "1170546"]
[WhiteElo "2359"]
[BlackElo "2790"]
[Result "0-1"]
[Round "05"]
[TimeControl "180+2"]
[Date "2023.02.28"]
[WhiteClock "0:00:01"]
[BlackClock "0:00:52"]

1. e4 Nc6 2. Nf3 e6 3. d4 d5 4. exd5 exd5 5. Bd3 Bg4 6. c3 Qd7 7. h3 Bf5 8. Bf4 Bxd3 9. Qxd3 O-O-O 10. O-O f6 11. Nbd2 g5 12. Bg3 h5 13. Rfe1 Nh6 14. h4 g4 15. Nh2 Nf5 16. Nhf1 Nce7 17. Nb3 Ng6 18. a4 Ngxh4 19. Nc5 Bxc5 20. dxc5 Ng6 21. c6 bxc6 22. Qa6+ Kb8 23. Ra3 Ka8 24. Rb3 Rb8 25. Rb4 h4 26. Bh2 g3 27. fxg3 h3 28. g4 hxg2 29. gxf5 gxf1=Q+ 30. Rxf1 Ne7 31. Rf3 Nxf5 32. Rxf5 Rbg8+ 33. Kf1 Qxf5+ 34. Ke1 Qb1+ 35. Kd2 Rxh2+ 36. Ke3 Qe1+ 37. Kd4 Qe5+ 38. Kd3 Qe2+ 39. Kd4 Qf2+ 40. Kd3 Rg3# 0-1


[Site "https://www.chess.com"]

[Event "Titled Tuesday Blitz February 28 Late 2023"]
[White "Dourerassou, Jonathan"]
[Black "Grischuk, Alexander"]
[WhiteFideId "628050"]
[BlackFideId "4126025"]
[WhiteElo "2499"]
[BlackElo "2727"]
[Result "0-1"]
[Round "05"]
[TimeControl "180+2"]
[Date "2023.02.28"]
[WhiteClock "0:00:11"]
[BlackClock "0:00:13"]

1. d4 e6 2. Nf3 c5 3. g3 cxd4 4. Nxd4 d5 5. Bg2 e5 6. Nb3 Nf6 7. O-O Be7 8. Bg5 Nbd7 9. Nc3 d4 10. Ne4 Nxe4 11. Bxe7 Qxe7 12. Bxe4 Nf6 13. Bg2 O-O 14. Qd3 Rd8 15. Rad1 Bg4 16. h3 Bh5 17. Qb5 Rab8 18. Rfe1 h6 19. Na5 Rdc8 20. Rd2 Rc5 21. Qb4 Qc7 22. Nxb7 Rxc2 23. Rxc2 Qxc2 24. g4 Bg6 25. Qd6 Re8 26. Qa3 Qd2 27. Qa5 Qxb2 28. Nd6 Re6 29. Nc4 Qb8 30. Rc1 Be4 31. Qc5 Bxg2 32. Kxg2 Ne4 33. Qd5 Nc3 34. Qf3 e4 35. Qf5 Nxe2 36. Rc2 Nf4+ 37. Kg3 Ng6+ 38. f4 exf3+ 39. Kf2 Qh2+ 40. Kxf3 Nh4# 0-1


[Site "https://www.chess.com"]